[Event "10th Cherry Blossom Classic 2023"]
[Site "Dulles"]
[Date "2023.05.27"]
[Round "3.1"]
[White "Bora, Safal"]
[Black "Park, Evan"]
[Result "1/2-1/2"]
[ECO "A13"]
[WhiteElo "2462"]
[BlackElo "2380"]
[Annotator "RC"]
[PlyCount "133"]
[EventDate "2023.05.24"]
[EventType "swiss"]
[EventCountry "USA"]
[SourceTitle "playchess.com"]
[Source "ChessBase"]
[SourceQuality "1"]
[TimeControl "5400+30"]

1. c4 e6 2. g3 d5 3. Bg2 Nf6 4. Nf3 dxc4 5. Qa4+ Bd7 6. Qxc4 c5 7. Nc3 Bc6 8. O-O Nbd7 9. e4 Be7 10. Qe2 e5 11. a4 O-O 12. d3 Ne8 13. Bh3 Bf6 14. Nd2 Nc7 15. Nc4 Nb6 16. Na5 Qd6 17. Be3 Rab8 18. Nb3 Na6 19. Rfc1 Rfd8 20. a5 Nd7 21. Bg2 Nb4 22. Bf1 b6 23. Na2 Nxa2 24. Rxa2 Nf8 25. axb6 axb6 26. Nd2 Ne6 27. Nc4 Qc7 28. b4 cxb4 29. Qb2 Nd4 30. Qxb4 Be7 31. Qc3 Bc5 32. Nxb6 Bxb6 33. Bxd4 Bxd4 34. Qxc6 Qe7 35. Kg2 h5 36. h4 Rb6 37. Qc7 Qf6 38. Kh1 Rdb8 39. Bg2 g6 40. Rac2 Kg7 41. Kh2 Rb2 42. Rxb2 Rxb2 43. Rc2 Rxc2 44. Qxc2 Bxf2 45. Qe2 Bd4 46. Qf3 Qe6 47. Bf1 Qa2+ 48. Be2 Qd2 49. Kh3 Qe1 50. Qf1 Qc3 51. Qf3 Qd2 52. Bf1 Qc1 53. Be2 Qc8+ 54. Kg2 Qc2 55. Kh3 Bg1 56. Kg2 Bc5 57. Kh3 Bd4 58. Bd1 Qc3 59. Be2 Qd2 60. Bf1 Qe1 61. Qe2 Qb4 62. Qf3 Bc5 63. Be2 Qd2 64. Bf1 Qe1 65. Qe2 Qxe2 66. Bxe2 Bd4 67. Bd1 1/2-1/2

[Event "10th Cherry Blossom Classic 2023"]
[Site "Dulles"]
[Date "2023.05.27"]
[Round "3.2"]
[White "Nyzhnyk, Illya"]
[Black "Roselli Mailhe, Bernardo"]
[Result "1-0"]
[ECO "E11"]
[WhiteElo "2644"]
[BlackElo "2380"]
[Annotator "TA"]
[PlyCount "93"]
[EventDate "2023.05.24"]
[EventType "swiss"]
[EventCountry "USA"]
[SourceTitle "playchess.com"]
[Source "ChessBase"]
[SourceQuality "1"]
[TimeControl "5400+30"]

1. d4 Nf6 2. c4 e6 3. g3 Bb4+ 4. Bd2 a5 5. Bg2 d6 6. Nf3 Nbd7 7. O-O e5 8. e3 Bxd2 9. Qxd2 O-O 10. Nc3 Re8 {[%emt 0:08:17] E11: Bogo-Indian.} 11. b3 $5 {[%emt 0:01:48][%mdl 4] Exploring less charted territory.} h6 {[%emt 0:08:52] [#]} 12. e4 $146 ({Predecessor:} 12. Qc2 Nf8 13. h3 Bd7 14. Rad1 Qc8 15. Kh2 Rb8 16. Rfe1 c6 17. dxe5 dxe5 18. Nd2 {1-0 Ghaem Maghami,E (2537)-Shubin,K (2334) Wch Rapid St Petersburg 2018 (3)}) 12... c6 {[%emt 0:17:59] White is slightly better.} 13. Rfe1 Qc7 14. Rad1 b6 ({Better is} 14... Nf8 $14) 15. h3 Bb7 16. Nh4 Rad8 17. f4 {[%emt 0:00:51] White is more active.} Nf8 18. Qf2 Ne6 19. Nf5 exd4 20. Nxd4 Nxd4 21. Qxd4 c5 22. Qd3 Qb8 23. g4 Qa8 24. Re2 Rd7 25. Rde1 Re6 26. Nd5 (26. Qf3 $16) 26... Nxd5 $14 27. exd5 Rxe2 28. Qxe2 {[%emt 0:00:03] aiming for Qe8+.} Qf8 {[%emt 0:02:52] Black is weak on the light squares} 29. Be4 $36 {[%emt 0:02:37][%mdl 2048] White is pushing.} Rd8 30. Kg2 Bc8 31. Bf5 Bd7 $2 {[%emt 0:01:18] [#] Black cannot hold the game after this.} (31... Bxf5 $11 32. gxf5 a4) 32. Bxd7 $1 $18 Rxd7 {[%emt 0:00:05][%mdl 4096] Endgame [#] KQR-KQR} 33. a4 $1 f6 (33... g6 {was called for.} 34. Kg3 Kg7 35. Qb2+ Kg8) 34. Qe8 Rc7 (34... Qxe8 $142 35. Rxe8+ Kf7) 35. Re6 {[%emt 0:00:49] Black must now prevent Qxf8+.} Qxe8 36. Rxe8+ {[%emt 0:00:05] KR-KR} Kf7 37. Rb8 Ke7 38. Kf3 ({Weaker is} 38. Rxb6 f5 39. Kf2 (39. gxf5 Rd7 $18) 39... Rd7 $18) 38... Rd7 39. Rxb6 {[%emt 0:00:41] Threatens to win with Ke4.} g6 (39... f5 $142 40. h4 Kf6) 40. Ke4 Ra7 (40... Kf7 $142 41. Ra6 h5 42. Rxa5 Rb7) 41. h4 Rd7 42. Kd3 f5 $2 (42... g5 43. fxg5 hxg5 44. hxg5 fxg5) 43. g5 {[%emt 0:00:44] White is clearly winning.} hxg5 44. fxg5 Kf7 45. Ra6 Rb7 46. Kc2 ({Not} 46. Rxd6 Rxb3+ 47. Kd2 Rh3 $18) 46... Ke7 47. Rxa5 {[%emt 0:00:10] Weighted Error Value: White=0.20 (precise) /Black=0.44} 1-0

[Event "10th Cherry Blossom Classic 2023"]
[Site "Dulles"]
[Date "2023.05.27"]
[Round "3.3"]
[White "Durarbayli, Vasif"]
[Black "Muzychuk, Anna"]
[Result "1-0"]
[ECO "B34"]
[WhiteElo "2627"]
[BlackElo "2504"]
[Annotator "TA"]
[PlyCount "91"]
[EventDate "2023.05.24"]
[EventType "swiss"]
[EventCountry "USA"]
[SourceTitle "playchess.com"]
[Source "ChessBase"]
[SourceQuality "1"]
[TimeControl "5400+30"]

1. e4 c5 2. Nf3 Nc6 3. Nc3 g6 4. d4 cxd4 5. Nxd4 Bg7 6. Be3 Nf6 7. Nb3 d6 {[%emt 0:01:54] B34: Sicilian: Accelerated Dragon with 5 Nc3: sidelines.} 8. Qd2 Be6 9. f3 a6 {[%emt 0:02:08] The position is equal.} 10. O-O-O {[%emt 0:02:14] [#]} Rc8 $146 ({Predecessor:} 10... O-O 11. Kb1 Rc8 12. g4 Ne5 13. Be2 Qc7 14. h4 b5 15. h5 Bc4 16. hxg6 fxg6 {½-½ Cvak,R (2396)-Conde Poderoso,A (2367) ESP AEAC XV W/02/ email 2018}) 11. Kb1 Ne5 12. Be2 Bc4 (12... O-O $11 {keeps the balance.}) 13. Bd4 {[%emt 0:09:07] Strongly threatening Bxe5.} Bxe2 14. Qxe2 {[%emt 0:00:12] And now Bxe5 would win.} Nc6 15. e5 (15. Bxf6 {simplifies} Bxf6 16. Nd5 Bg7 17. h4) 15... Nxd4 $1 16. Nxd4 (16. Rxd4 Nd7) 16... dxe5 {[%emt 0:01:57] [#]} 17. Ne6 {[%emt 0:02:17][%mdl 64] Discovered Attack, Double Attack} Qa5 18. Nxg7+ {[%emt 0:01:42] A dynamic duo of knights.} Kf8 {[%emt 0:00:05] [#]} 19. Ne6+ $1 fxe6 20. Ne4 (20. Qe3 {simplifies} Qc5 21. Rhe1 Qxe3 22. Rxe3 Rc5 23. Rde1) 20... Kg7 21. Nxf6 Kxf6 22. Qe4 Rcd8 (22... Qc7 $11 {remains equal.}) 23. Rxd8 $16 (23. Qxb7 Rxd1+ 24. Rxd1 Rd8 $11) 23... Qxd8 24. Qxb7 {[%emt 0:01:25][%mdl 4096] Endgame KQR-KQR} ({Much weaker is} 24. Re1 Qd5 $11) 24... Qd2 25. Qxa6 Qxg2 {[%emt 0:00:58] [#]} 26. Qf1 Qd2 27. Qe1 Qg2 28. Qf1 Qd2 29. Qc1 Qg2 30. h4 ({Stronger than} 30. Rg1 Qxh2 31. Qg5+ Kf7 $15) 30... Rd8 31. Rg1 $36 {[%emt 0:01:55][%mdl 2048] White is really pushing.} Qe2 32. Re1 Qg2 33. Qe3 Qg3 34. a4 Rd4 $2 {[%emt 0:00:37] [#] This move loses the game for Black.} (34... Kf7 $16 {might work better.}) 35. b3 $1 $18 Rxh4 (35... Qxh4 $142 36. Qxe5+ Kf7 37. Qxe6+ Kf8) 36. a5 Rd4 37. Kb2 h5 $2 (37... Rd8 {is a better defense.} 38. a6 Ra8) 38. a6 h4 39. a7 Rd8 40. Ra1 h3 41. a8=Q ({Weaker is} 41. a8=B h2 42. Be4 Qg5 $14) 41... Rxa8 42. Rxa8 {[%emt 0:00:05] Intending Qh6 and mate.} h2 43. Qh6 {[%emt 0:01:08][%cal Ra8f8] White mates.} e4 44. Rf8+ Ke5 45. Qh8+ Kd6 46. Qd4+ {[%emt 0:00:15] An entertaining game by Durarbayli.   Weighted Error Value: White=0.09 (flawless) /Black=0.50} 1-0

[Event "10th Cherry Blossom Classic 2023"]
[Site "Dulles"]
[Date "2023.05.27"]
[Round "3.4"]
[White "Antipov, Mikhail Al."]
[Black "Zhukova, Natalia"]
[Result "1-0"]
[ECO "C07"]
[WhiteElo "2588"]
[BlackElo "2324"]
[Annotator "TA"]
[PlyCount "77"]
[EventDate "2023.05.24"]
[EventType "swiss"]
[EventCountry "USA"]
[SourceTitle "playchess.com"]
[Source "ChessBase"]
[SourceQuality "1"]
[TimeControl "5400+30"]

1. e4 e6 2. d4 d5 3. Nd2 c5 4. Ngf3 cxd4 5. exd5 Qxd5 6. Bc4 Qd8 7. O-O {[%emt 0:00:36][%mdl 1024] White has compensation.} Nc6 {[%emt 0:00:54] C07: French Tarrasch: 3...c5, 4 Ngf3 and 4 exd5 Qxd5.} 8. Ne4 $5 {[%emt 0:04:40][%mdl 4] [#] Exploring less charted territory.} Be7 $146 ({Predecessor:} 8... a6 9. a4 Nf6 10. Nxf6+ gxf6 11. Nh4 f5 12. Qh5 Ne5 13. Bg5 Be7 14. Bxe7 Qxe7 15. Nxf5 exf5 {0-1 Lane,G (2440)-Savchenko,S (2570) Lloyds Bank op 18th 1994 (5)}) 9. Qe2 (9. Bb5 $5 ) 9... Nf6 {[%emt 0:01:22] Black is slightly better.} 10. Bf4 Nd5 11. Bg3 O-O {[%emt 0:00:56] [#] ...f5 is the strong threat.} 12. h3 f5 13. Ned2 Bf6 14. Nb3 Kh8 15. Rad1 f4 16. Bxd5 fxg3 17. Bxc6 bxc6 18. Nc5 ({Reject} 18. Nfxd4 Qb6 $15) 18... Qb6 19. Qc4 Be7 20. b4 a5 21. a3 axb4 (21... Rb8 {looks sharper.} 22. Ne5 gxf2+ 23. Rxf2 Rxf2 24. Kxf2 axb4 25. axb4 Qxb4 26. Qxb4 Rxb4 27. Ra1 Bxc5 28. Ra8 h6) 22. axb4 Rb8 23. Rxd4 gxf2+ 24. Rxf2 Qxb4 $1 {[%emt 0:00:50][%mdl 64] [#] Remove Defender, Decoy} 25. Qxb4 Rxb4 26. Rxb4 Bxc5 27. Rc4 Bxf2+ 28. Kxf2 $11 {[%emt 0:00:01][%mdl 4096] Endgame KRB-KRN} Bb7 29. Ke3 c5 30. Rxc5 Bxf3 31. gxf3 {[%emt 0:00:02] KR-KR} h6 32. c4 Kg8 33. Rc7 {[%emt 0:00:45] And now c5 would win.} e5 $2 (33... Rf5 $11) 34. c5 $18 {[%emt 0:01:23] White is clearly winning.} Rf4 35. Re7 Rc4 36. Rxe5 Kf7 37. Kd3 Rc1 38. Kd4 Kf6 39. Re3 {[%emt 0:01:06] Weighted Error Value: White=0.05 (flawless) /Black=0.05 (flawless)} 1-0

[Event "10th Cherry Blossom Classic 2023"]
[Site "Dulles"]
[Date "2023.05.27"]
[Round "3.5"]
[White "Plotkin, Mark"]
[Black "Burke, John M"]
[Result "0-1"]
[ECO "A28"]
[WhiteElo "2341"]
[BlackElo "2583"]
[Annotator "TA"]
[PlyCount "32"]
[EventDate "2023.05.24"]
[EventType "swiss"]
[EventCountry "USA"]
[SourceTitle "playchess.com"]
[Source "ChessBase"]
[SourceQuality "1"]
[TimeControl "5400+30"]

1. c4 e5 2. Nc3 Nf6 3. Nf3 Nc6 4. e3 Bb4 5. Qc2 Bxc3 6. Qxc3 Qe7 7. d3 {[%emt 0:09:33] 7.d4 is setting a new trend.} d5 {[%emt 0:02:26] A28: English Opening: Four Knights Variation.} 8. cxd5 Nxd5 9. Qc2 {[%emt 0:00:16] [#]} (9. Qb3 $11 Be6 10. a3 (10. Qxb7 Qb4+ 11. Qxb4 Ndxb4 $11)) 9... e4 $146 {[%emt 0:18:00] Black is more active. Black is better.} ({Predecessor:} 9... O-O 10. Be2 Rd8 11. a3 a5 12. O-O a4 13. Bd2 Be6 14. Rac1 Nb6 15. Qc5 Qxc5 16. Rxc5 {1-0 Forcen Esteban,D (2548)-Sonis,F (2458) PRO League Stage rapid 2020 (3)}) 10. dxe4 Ndb4 11. Qc4 (11. Qc3 $142 Qxe4 12. Ng5 (12. Nd4 $2 Nxd4 {[%mdl 64] Pin} 13. f3 Qh4+ 14. Kd1 Ndc2 $19)) 11... Be6 $17 12. Qc3 Nxa2 {[%emt 0:00:45] A dynamic duo of knights.} 13. Qxg7 (13. Rxa2 $17 Bxa2 14. Bd3) 13... O-O-O $19 14. Bd2 $2 {[%emt 0:00:40] [#]} (14. Rxa2 Bxa2 15. Be2) 14... Rhg8 $1 {[%emt 0:03:20] Black is clearly winning.} 15. Qxh7 {[%emt 0:04:35] [#]} Rh8 $1 16. Qg7 Rdg8 {[%emt 0:00:04] White did not feel at home in the position after the opening.   Weighted Error Value: White=0.77/Black=0.00 (flawless)} 0-1

[Event "10th Cherry Blossom Classic 2023"]
[Site "Dulles"]
[Date "2023.05.27"]
[Round "3.6"]
[White "Khanin, Semen"]
[Black "Sinha, Sahil"]
[Result "1/2-1/2"]
[ECO "E49"]
[WhiteElo "2566"]
[BlackElo "2317"]
[Annotator "TA"]
[PlyCount "91"]
[EventDate "2023.05.24"]
[EventType "swiss"]
[EventCountry "USA"]
[SourceTitle "playchess.com"]
[Source "ChessBase"]
[SourceQuality "1"]
[TimeControl "5400+30"]

1. d4 Nf6 2. c4 e6 3. Nc3 Bb4 4. e3 O-O 5. Bd3 d5 6. a3 Bxc3+ 7. bxc3 c5 8. cxd5 exd5 9. Ne2 b6 10. O-O Ba6 11. f3 Bb5 12. Bc4 Bxc4 13. Qd2 Bd3 14. Qxd3 Re8 15. Ng3 Nc6 {[%emt 0:00:00] 15...cxd4 is a critical line.} 16. Bb2 Rc8 17. e4 $1 {[%emt 0:00:00] E49: Nimzo-Indian: Rubinstein: 5 Bd3 d5 6 a3 Bxc3+ 7 bxc3.} dxe4 18. fxe4 Ne5 19. Qe2 {[%emt 0:00:00] White is better.} cxd4 20. cxd4 Nc4 21. Rae1 $1 Rc7 22. Ba1 b5 (22... Nxa3 $2 23. d5 Nxd5 24. Qb2 $18) 23. d5 (23. h3 $16) 23... Nd7 $1 $14 {[%emt 0:06:00] [#]} 24. Bxg7 $146 {[%emt 0:00:00][%mdl 64] [#] Decoy} ({Predecessor:} 24. Nf5 Nde5 25. Qh5 g6 26. Nh6+ Kg7 27. Qh3 f6 28. Ng4 Nxg4 29. Qxg4 Rf7 30. Qg3 Qb6+ 31. Rf2 a5 32. Kh1 Qd6 33. Qh4 Ne5 34. Ref1 h5 {½-½ Stathopoulos,I (2278)-Sandalakis,A (2412) GRE-chT 49th 2022 (7.2)}) 24... Kxg7 25. Qg4+ {[%emt 0:00:00][%mdl 64] Deflection} Kh8 {[%emt 0:00:00] ...Rg8 is the strong threat.} 26. Rxf7 Rg8 {[%emt 0:00:00] Inhibits Qg7+.} 27. Rxh7+ {[%emt 0:00:00][%mdl 64] Decoy} Kxh7 28. Qh5+ Kg7 29. Nf5+ Kf8 $1 30. Qh6+ Ke8 31. Qe6+ Kf8 32. Qh6+ Ke8 33. Qe6+ Kf8 34. d6 Qg5 35. g3 Rc5 {[%emt 0:00:00] White must now prevent ...Rg6.} (35... Rb7 $2 36. Rf1 Rg6 37. Nh6+ (37. Qd5 Rb6 $11) 37... Nf6 38. Qc8+ Kg7 39. Nf5+ (39. Qxb7+ $2 Kxh6 40. Qxa7 Nxd6 $19) 39... Kh7 40. Qxb7+ Kh8 41. Qxb5 $18 (41. Qxa7 Qd2 $11)) 36. Rf1 {[%emt 0:00:00] Threatening mate with Ne7+.} (36. Qxd7 $2 Ne5 37. Qe7+ Qxe7 38. dxe7+ Ke8 $19) 36... Nd2 $1 37. Rf4 {[%emt 0:06:42][%mdl 64] Ne7+ would kill now. Deflection} Nf3+ $1 (37... Qxf4 $2 38. Qe7#) (37... Rc1+ $2 38. Kg2 $18) 38. Kf2 {[%emt 0:04:50] White wants to mate with Ne7+. Chess con chili.} (38. Rxf3 $5 Rc1+ $8 39. Kg2 Rc2+ 40. Kg1 Rc1+ 41. Kg2 Rc2+ 42. Kg1 Rc1+ $11) 38... Rc2+ (38... Nxh2 $2 39. Qxd7 Rg6 40. Nd4+ (40. Nh4+ Rf6 $15) 40... Kg8 41. Qf7+ Kh8 42. Rh4+ $18) 39. Ke3 {[%emt 0:00:10] [#]} (39. Kf1 $1 $11 {remains equal.} Rc1+ 40. Kf2) 39... Nxh2 ({But not} 39... Rc3+ 40. Ke2 Ng1+ 41. Ke1 Nf3+ 42. Ke2 $11) (39... Nfe5 $1 $17 {[%cal Re5g4] ...Ng4+ would be deadly.} 40. Nh6+ (40. Ne7+ $2 Qxf4+ 41. gxf4 Ng4+ 42. Kd4 Rc4+ $17) 40... Qxf4+ 41. Kxf4 (41. gxf4 Nc4+ 42. Kf3 Nd2+ 43. Ke3 Nf1+ {[%mdl 64] Discovered Attack} 44. Kd4 Rc4+ $17) 41... Rg7) 40. Nh6+ $11 {[%emt 0:01:08] The position is equal.} ({Avoid the trap} 40. Ne7+ $2 Qxf4+ 41. Kxf4 Rg4+ 42. Qxg4 Rf2+ 43. Kg5 Nxg4 $19) 40... Kg7 41. Qxg8+ Kxh6 42. Qh8+ Kg6 43. Qg8+ Kh6 44. Qh8+ Kg6 45. Qe8+ Kh6 $1 {[%emt 0:00:00] ( -> ...Qc5+)} 46. Qh8+ {[%emt 0:00:34] A brilliant game!   Weighted Error Value: White=0.05 (flawless) /Black=0.07 (flawless)} 1/2-1/2

[Event "10th Cherry Blossom Classic 2023"]
[Site "Dulles"]
[Date "2023.05.27"]
[Round "3.7"]
[White "Kantor, Gergely"]
[Black "Paul, Justin"]
[Result "1-0"]
[ECO "D43"]
[WhiteElo "2535"]
[BlackElo "2314"]
[Annotator "TA"]
[PlyCount "59"]
[EventDate "2023.05.24"]
[EventType "swiss"]
[EventCountry "USA"]
[SourceTitle "playchess.com"]
[Source "ChessBase"]
[SourceQuality "1"]
[TimeControl "5400+30"]

1. d4 Nf6 2. c4 e6 3. Nf3 d5 4. Nc3 c6 5. Bg5 h6 6. Bxf6 Qxf6 7. a3 {[%emt 0:00:03] D43: Semi-Slav: 5 Bg5 h6.} g6 8. e4 dxe4 9. Nxe4 {[%emt 0:00:21] [#] White is slightly better.} Qg7 $146 ({Predecessor:} 9... Qd8 10. c5 Nd7 11. Bc4 Nf6 12. Nxf6+ Qxf6 13. Qe2 b6 14. Qe4 Bd7 15. Ne5 bxc5 16. dxc5 {1-0 Cramling,P (2509)-Gaponenko,I (2469) ROM-chT (Women) 2010 (5)}) 10. c5 Nd7 11. Bc4 Be7 12. O-O O-O 13. Re1 Rd8 14. Qc2 b6 15. b4 a5 16. Rab1 (16. Bb3 $5 ) 16... axb4 17. axb4 bxc5 18. bxc5 Kf8 19. h3 Nf6 {[%emt 0:03:42] [#]} 20. Red1 (20. Bd3 $142 $1) 20... Nd7 {[%emt 0:12:24] Repels Ne5} 21. Kh2 Kg8 22. Re1 Bf8 {[%emt 0:06:45] [#]} (22... Qf8 $142) 23. Qc3 $1 $16 {[%emt 0:01:36] White is much more active.} Ba6 24. Bxa6 Rxa6 25. Rb7 Nf6 $2 (25... Be7 {is more resistant.} 26. Rc7 Raa8) 26. Ne5 $18 {[%emt 0:02:27] White is clearly winning.} Nd5 27. Qc4 Ra3 28. Rxf7 Qxf7 29. Nxf7 Kxf7 30. Rb1 {[%emt 0:00:05] Weighted Error Value: White=0.09 (flawless) /Black=0.31} 1-0

[Event "10th Cherry Blossom Classic 2023"]
[Site "Dulles"]
[Date "2023.05.27"]
[Round "3.8"]
[White "Marjanovic, Annamaria"]
[Black "Druska, Juraj"]
[Result "0-1"]
[ECO "A62"]
[WhiteElo "2273"]
[BlackElo "2496"]
[Annotator "TA"]
[PlyCount "94"]
[EventDate "2023.05.24"]
[EventType "swiss"]
[EventCountry "USA"]
[SourceTitle "playchess.com"]
[Source "ChessBase"]
[SourceQuality "1"]
[TimeControl "5400+30"]

1. d4 Nf6 2. c4 e6 3. g3 c5 4. d5 exd5 5. cxd5 d6 6. Nc3 g6 7. Bg2 Bg7 8. Nf3 O-O 9. O-O Re8 10. Bf4 Na6 {[%emt 0:00:00] 10...h6 gains popularity.} 11. Re1 {[%emt 0:12:45] A62: Modern Benoni: Fianchetto Variation without early ...Nbd7.} Bg4 12. Qd2 Ne4 13. Nxe4 {[%emt 0:03:39] The position is equal.} Rxe4 {[%emt 0:00:00] [#]} 14. Rad1 $146 ({Predecessor:} 14. h3 Bxf3 15. Bxf3 Rd4 16. Qc1 Qd7 17. Kg2 Nc7 18. Bd2 Re8 19. Rb1 b5 20. a3 Nxd5 {0-1 Liang,J (1953)-Gormally,D (2499) Hastings Masters op 90th 2014 (7)}) 14... Qb6 (14... Rc8 {with more complications.} 15. Ng5 Rb4 16. h3 Rxb2 17. Qc1 Bd7) 15. h3 (15. Ng5 {feels hotter.} Rb4 16. Qe3 Rd8 17. Qe7) 15... Bxf3 16. Bxf3 Rb4 17. b3 Nc7 18. Qc2 Rd4 (18... Nb5 $11) 19. Bd2 $14 Nxd5 20. e3 (20. a3 $14 {should be considered.}) 20... Nb4 $11 21. Bxb4 Rxb4 {[%emt 0:00:00] Black is weak on the light squares} 22. Rd3 Qc7 23. Red1 Rd8 24. Qd2 Bf8 25. Bd5 {[%emt 0:00:55][%mdl 1024] White has compensation.} Qe7 26. Kh2 Re8 27. Qe2 Qf6 (27... Bg7 $11) 28. Qc2 (28. a3 $14 Rd4 29. Qb2 {[%mdl 64] Pin} (29. Bxb7 Rxd3 30. Rxd3 Qa1 $14)) 28... Qf5 29. R1d2 (29. a3 $5 Rb6 30. e4 Rxe4 31. Bxe4 Qxe4 32. Qd2 $14) 29... Bg7 30. Bg2 Bf8 31. Bd5 Re5 (31... Bg7 $11 {was preferrable.}) 32. a3 $14 Rb6 33. Qc4 (33. e4 {seems wilder.} Rxe4 34. Bxe4 Qxe4 35. Re2) 33... Qf6 (33... Re7 $11) 34. Kg2 $16 Re7 35. Ra2 ({White should try} 35. e4 $14) 35... Qf5 $11 36. Rad2 Ra6 37. b4 cxb4 38. Qxb4 (38. axb4 $5 Ra4 39. e4 $11) 38... Rc7 39. Qb5 Qe5 40. e4 Bh6 {[%emt 0:00:50] [#]} (40... Kg7 $11 {remains equal.}) 41. Ra2 (41. f4 $6 Qe7 $11) (41. Rc2 $1 $16 Rxc2 42. Qxb7) 41... Rb6 $36 {[%emt 0:03:28][%mdl 2048] Black has the initiative.} 42. Qa5 Rc5 ({Better is} 42... Rc1 $11 43. Rf3 Rbb1 44. Qd8+ (44. Qxa7 $2 {is a self mate.} Rg1+ 45. Kh2 Rh1+ 46. Kg2 Rbg1#) 44... Bf8 45. Rxf7 Rg1+ 46. Kh2 (46. Kf3 Qh5+ 47. Ke3 Rge1+ 48. Kf4 Qe5+ 49. Kg4 Qh5+ 50. Kf4 Qe5+ 51. Kg4 Qh5+ 52. Kf4 $11) 46... Rh1+ 47. Kg2 Rhg1+ 48. Kh2 (48. Kf3 Qh5+ 49. Kf4 Qe5+ 50. Kg4 Qh5+ 51. Kf4 Qe5+ 52. Kg4 Qh5+ 53. Kf4 $11) 48... Rh1+ 49. Kg2 Rhg1+) 43. Qxa7 $2 {[%emt 0:00:49][%mdl 8192] [#] This costs White the game.} (43. Qa4 $1 $14 {stays ahead.}) 43... Rxd5 $1 $19 {[%emt 0:00:43][%mdl 512] Black is clearly winning.} 44. exd5 (44. Qxb6 Rxd3) 44... Rb1 45. Qa8+ Bf8 {[%emt 0:00:37] ( -> ...Qe4+)} 46. Qa5 Qe4+ 47. Rf3 Rb3 {[%emt 0:00:07] Weighted Error Value: White=0.56/Black=0.18 (very precise)} (47... Qc4 $142 48. Re3 Qxa2) 0-1

[Event "10th Cherry Blossom Classic 2023"]
[Site "Dulles"]
[Date "2023.05.27"]
[Round "3.9"]
[White "Morefield, Jason"]
[Black "Hilby, Craig"]
[Result "0-1"]
[ECO "C11"]
[WhiteElo "2167"]
[BlackElo "2401"]
[Annotator "TA"]
[PlyCount "56"]
[EventDate "2023.05.24"]
[EventType "swiss"]
[EventCountry "USA"]
[SourceTitle "playchess.com"]
[Source "ChessBase"]
[SourceQuality "1"]
[TimeControl "5400+30"]

1. e4 e6 2. d4 d5 3. Nc3 Nf6 4. e5 Nfd7 5. f4 c5 6. Nf3 Nc6 7. Be3 a6 8. Qd2 b5 9. Bd3 b4 {[%emt 0:01:20] C11: French: Classical System: 4 e5 and 4 Bg5 dxe4.} 10. Na4 c4 11. Be2 Nb6 {[%emt 0:00:09] The position is equal.} 12. Nc5 Nd7 13. Nxd7 Bxd7 14. O-O a5 15. b3 c3 16. Qe1 {[%emt 0:00:23] [#]} Na7 $146 (16... a4 $11) ({Predecessor:} 16... a4 17. Bd3 Qb6 18. bxa4 Rxa4 19. g4 Be7 20. f5 Bc8 21. Qf2 Ba6 22. Ne1 Nd8 {½-½ Capezzali,R (1884)-Webster,R EU-ch SC-OR/206 email 2017}) 17. Ng5 Be7 18. Qh4 Bb5 {[%emt 0:17:24] [#]} (18... Nb5 $11) 19. Bxb5+ $1 $16 ({Weaker is} 19. Qh5 g6 20. Bxb5+ Nxb5 $15) 19... Nxb5 {[%emt 0:00:03] [#]} 20. Qh5 ({White must play} 20. f5 $1 $16 ) 20... g6 $1 $11 21. Qe2 (21. Qh6 $5 ) 21... Qb6 22. Rad1 a4 23. Nf3 Ra5 24. g4 h5 25. h3 $1 Qa6 26. Kg2 (26. Ne1 $11) 26... axb3 27. axb3 Na3 {[%emt 0:00:21] Black is more active.} 28. Rd3 $2 {[%emt 0:01:15][%mdl 8192] [#]} (28. Qxa6 $15 Rxa6 29. Rc1) 28... Nxc2 $1 {[%emt 0:01:03][%mdl 512] Weighted Error Value: White=0.40/Black=0.15 (very precise)} 0-1